3L
OAKLAND OAKS @ BROOKLYN DODGERS
09/04/2034
 
TOP OF THE 1ST
Oakland Oaks batting - Pitching for Brooklyn Dodgers : RHP Pablo De La Torre
Pitching: RHP Pablo De La Torre
Batting: RHB Yehonatan Chazan 0-0: Called Strike
0-1: Swinging Strike
0-2: Ball
1-2: Strikes out looking
Batting: RHB Colin O'Connell 0-0: Ground out 6-3 (Groundball, 6)
Batting: RHB Alfonso Nazario 0-0: Foul Ball, location: 2F
0-1: SINGLE (Line Drive, 78M)
Batting: SHB Luis Luquín 0-0: Called Strike
0-1: Fielders Choice at 2nd, 6-4 (Groundball, 6)
Top of the 1st over - 0 runs, 1 hit, 0 errors, 1 left on base; Oakland 0 - Brooklyn 0
BOTTOM OF THE 1ST
Brooklyn Dodgers batting - Pitching for Oakland Oaks : LHP Faisal bin Nabeel
Pitching: LHP Faisal bin Nabeel
Batting: RHB Gerald Clark 0-0: SINGLE (Groundball, 56D)
Batting: SHB Félix Medina 0-0: Ball
1-0: Ball
2-0: Called Strike
2-1: Ball
3-1: Called Strike
3-2: Fly out, F9 (Flyball, 89XD)
Batting: LHB Hugh Hill 0-0: Called Strike
0-1: Ball
1-1: Swinging Strike
1-2: Strikes out looking
Batting: RHB Scott Ramsey 0-0: Called Strike
0-1: Called Strike
0-2: Ball
1-2: Ball
2-2: Foul Ball, location: 2F
2-2: Ball
3-2: Foul Ball, location: 2F
3-2: Strikes out swinging
Bottom of the 1st over - 0 runs, 1 hit, 0 errors, 1 left on base; Oakland 0 - Brooklyn 0
TOP OF THE 2ND
Oakland Oaks batting - Pitching for Brooklyn Dodgers : RHP Pablo De La Torre
Batting: RHB Juan Alcocer 0-0: Foul Ball, location: 2F
0-1: Ball
1-1: Ball
2-1: Ground out 3-1 (Groundball, 34)
Batting: LHB Obidiah Lewis 0-0: Called Strike
0-1: SINGLE (Groundball, 4MD)
Batting: RHB Mike Wazowski 0-0: Swinging Strike
0-1: Grounds into double play, 6-4-3 (Groundball, 6)
Top of the 2nd over - 0 runs, 1 hit, 0 errors, 0 left on base; Oakland 0 - Brooklyn 0
BOTTOM OF THE 2ND
Brooklyn Dodgers batting - Pitching for Oakland Oaks : LHP Faisal bin Nabeel
Batting: RHB Ilkka Haapajarvi 0-0: Ball
1-0: Ground out 6-3 (Groundball, 6)
Batting: LHB Frank Sharp 0-0: Foul Ball, location: 2F
0-1: Ball
1-1: Ball
2-1: Swinging Strike
2-2: Reached on error, E4 (Groundball, 4)
Batting: RHB Fontana Contaldo 0-0: Called Strike
0-1: Foul Ball, location: 2F
0-2: Foul Ball, location: 2F
0-2: Ball
1-2: Foul Ball, location: 2F
Pickoff Throw to First - Out!
1-2: Foul Ball, location: 2F
1-2: Foul Ball, location: 2F
1-2: Foul Ball, location: 2F
1-2: Ball
2-2: Ball
3-2: Ground out 6-3 (Groundball, 6S)
Bottom of the 2nd over - 0 runs, 0 hits, 1 error, 0 left on base; Oakland 0 - Brooklyn 0
TOP OF THE 3RD
Oakland Oaks batting - Pitching for Brooklyn Dodgers : RHP Pablo De La Torre
Batting: RHB Armando Rodríguez 0-0: Called Strike
0-1: SOLO HOME RUN (Flyball, 9LD), Distance : 353 ft
Batting: RHB Cristián Coronado 0-0: Ground out 4-3 (Groundball, 4)
Batting: RHB Yehonatan Chazan 0-0: Swinging Strike
0-1: Ground out 4-3 (Groundball, 4)
Batting: RHB Colin O'Connell 0-0: Foul Ball, location: 2F
0-1: Ball
1-1: Ball
2-1: Foul Ball, location: 2F
2-2: Hit by Pitch
Batting: RHB Alfonso Nazario 0-0: Ball
1-0: Ground out 5-3 (Groundball, 5S)
Top of the 3rd over - 1 run, 1 hit, 0 errors, 1 left on base; Oakland 1 - Brooklyn 0
BOTTOM OF THE 3RD
Brooklyn Dodgers batting - Pitching for Oakland Oaks : LHP Faisal bin Nabeel
Batting: LHB Jérôme Masson 0-0: Ball
1-0: Ball
2-0: Swinging Strike
2-1: Swinging Strike
2-2: Strikes out looking
Batting: LHB Roberto Soto 0-0: Ball
1-0: Bunted foul
1-1: Ball
2-1: Foul Ball, location: 2F
2-2: Ball
3-2: Ground out 6-3 (Groundball, 6MS)
Batting: RHB Gerald Clark 0-0: Ground out 3-1 (Groundball, 34S)
Bottom of the 3rd over - 0 runs, 0 hits, 0 errors, 0 left on base; Oakland 1 - Brooklyn 0
TOP OF THE 4TH
Oakland Oaks batting - Pitching for Brooklyn Dodgers : RHP Pablo De La Torre
Batting: SHB Luis Luquín 0-0: Called Strike
0-1: Ball
1-1: Ball
2-1: Swinging Strike
2-2: Ground out 5-3 (Groundball, 5)
Batting: RHB Juan Alcocer 0-0: SINGLE (Groundball, 56D)
Batting: LHB Obidiah Lewis 0-0: SINGLE (Groundball, 4S) (infield hit)
Juan Alcocer to second
Batting: RHB Mike Wazowski 0-0: Foul Ball, location: 2F
0-1: Foul Ball, location: 2F
0-2: Ball
1-2: Grounds into double play, 6-4-3 (Groundball, 6)
Top of the 4th over - 0 runs, 2 hits, 0 errors, 1 left on base; Oakland 1 - Brooklyn 0
BOTTOM OF THE 4TH
Brooklyn Dodgers batting - Pitching for Oakland Oaks : LHP Faisal bin Nabeel
Batting: SHB Félix Medina 0-0: Ball
1-0: Swinging Strike
1-1: Swinging Strike
1-2: Ground out 1-3 (Groundball, 13S)
Batting: LHB Hugh Hill 0-0: Fly out, F6 (Line Drive, 6)
Batting: RHB Scott Ramsey 0-0: Ball
1-0: Ball
2-0: Called Strike
2-1: SOLO HOME RUN (Line Drive, 7LD), Distance : 346 ft
Batting: RHB Ilkka Haapajarvi 0-0: Ball
1-0: Swinging Strike
1-1: Called Strike
1-2: Ball
2-2: Strikes out looking
Bottom of the 4th over - 1 run, 1 hit, 0 errors, 0 left on base; Oakland 1 - Brooklyn 1
TOP OF THE 5TH
Oakland Oaks batting - Pitching for Brooklyn Dodgers : RHP Pablo De La Torre
Batting: RHB Armando Rodríguez 0-0: Ball
1-0: Ball
2-0: Foul Ball, location: 2F
2-1: Called Strike
2-2: Strikes out swinging
Batting: RHB Cristián Coronado 0-0: Called Strike
0-1: Ground out 6-3 (Groundball, 6)
Batting: RHB Yehonatan Chazan 0-0: Swinging Strike
0-1: Swinging Strike
0-2: Foul Ball, location: 2F
0-2: Ball
1-2: Ball
2-2: Fly out, F7 (Flyball, 7S)
Top of the 5th over - 0 runs, 0 hits, 0 errors, 0 left on base; Oakland 1 - Brooklyn 1
BOTTOM OF THE 5TH
Brooklyn Dodgers batting - Pitching for Oakland Oaks : LHP Faisal bin Nabeel
Batting: LHB Frank Sharp 0-0: Swinging Strike
0-1: Ball
1-1: Ball
2-1: Foul Ball, location: 2F
2-2: Strikes out swinging
Batting: RHB Fontana Contaldo 0-0: Ball
1-0: Ball
2-0: Ball
3-0: Called Strike
3-1: DOUBLE (Line Drive, 9LM)
Batting: LHB Jérôme Masson 0-0: Called Strike
0-1: Foul Ball, location: 2F
0-2: Ball
Wild Pitch!
Fontana Contaldo to third
1-2: Ball
2-2: Fly out, F8 (Flyball, 8RM)
Batting: LHB Roberto Soto 0-0: Ball
1-0: Called Strike
1-1: Foul Ball, location: 2F
1-2: Ball
2-2: Ground out 6-3 (Groundball, 6)
Bottom of the 5th over - 0 runs, 1 hit, 0 errors, 1 left on base; Oakland 1 - Brooklyn 1
TOP OF THE 6TH
Oakland Oaks batting - Pitching for Brooklyn Dodgers : RHP Pablo De La Torre
Batting: RHB Colin O'Connell 0-0: Called Strike
0-1: Ball
1-1: Foul Ball, location: 2F
1-2: Ground out 6-3 (Groundball, 6)
Batting: RHB Alfonso Nazario 0-0: Called Strike
0-1: Ground out 6-3 (Groundball, 6)
Batting: SHB Luis Luquín 0-0: Foul Ball, location: 2F
0-1: Foul Ball, location: 2F
0-2: Fly out, F8 (Flyball, 8LD)
Top of the 6th over - 0 runs, 0 hits, 0 errors, 0 left on base; Oakland 1 - Brooklyn 1
BOTTOM OF THE 6TH
Brooklyn Dodgers batting - Pitching for Oakland Oaks : LHP Faisal bin Nabeel
Batting: RHB Gerald Clark 0-0: Ball
1-0: Ground out 1-3 (Groundball, 13)
Batting: SHB Félix Medina 0-0: Ball
1-0: Foul Ball, location: 2F
1-1: Foul Ball, location: 2F
1-2: Foul Ball, location: 2F
1-2: Ball
2-2: SINGLE (Line Drive, 7S)
Batting: LHB Hugh Hill 0-0: Ball
1-0: Foul Ball, location: 2F
1-1: Ball
2-1: DOUBLE (Line Drive, 3D)
Félix Medina to third
Pitching: RHP Mal Houser
Batting: RHB Scott Ramsey 0-0: Called Strike
0-1: Ball
1-1: Ball
2-1: Foul Ball, location: 2F
2-2: Ball
3-2: Fly out, F7 (Flyball, 78S)
Runner from 3rd tags up, SCORES, no throw
Batting: RHB Ilkka Haapajarvi 0-0: Ground out 6-3 (Groundball, 6)
Bottom of the 6th over - 1 run, 2 hits, 0 errors, 1 left on base; Oakland 1 - Brooklyn 2
TOP OF THE 7TH
Oakland Oaks batting - Pitching for Brooklyn Dodgers : RHP Pablo De La Torre
Batting: RHB Juan Alcocer 0-0: Ball
1-0: Ball
2-0: Called Strike
2-1: SINGLE (Line Drive, 78S)
Batting: LHB Obidiah Lewis 0-0: Foul Ball, location: 2F
0-1: Ball
1-1: Called Strike
1-2: Foul Ball, location: 2F
1-2: Foul Ball, location: 2F
1-2: Ball
2-2: Ball
3-2: Fly out, F5 (Popup, 15)
Batting: RHB Mike Wazowski 0-0: Foul Ball, location: 2F
0-1: Ball
1-1: Called Strike
1-2: Strikes out swinging
Batting: RHB Armando Rodríguez 0-0: Called Strike
0-1: Ball
1-1: Swinging Strike
1-2: Foul Ball, location: 2F
1-2: Fielders Choice at 2nd, 6-4 (Groundball, 6)
Top of the 7th over - 0 runs, 1 hit, 0 errors, 1 left on base; Oakland 1 - Brooklyn 2
BOTTOM OF THE 7TH
Brooklyn Dodgers batting - Pitching for Oakland Oaks : RHP Mal Houser
Batting: LHB Frank Sharp 0-0: Ball
1-0: Ball
2-0: Ball
3-0: Called Strike
3-1: Base on Balls
Batting: RHB Fontana Contaldo 0-0: Bunted foul
0-1: Ball
1-1: Sac Bunt - play at first, batter OUT! 1-4
Frank Sharp to second
Batting: LHB Jérôme Masson 0-0: Ball
1-0: Swinging Strike
1-1: Ball
2-1: Foul Ball, location: 2F
2-2: Ball
3-2: Base on Balls
Pinch Hitting: LHB Avon Barksdale 0-0: Ground out 3-1 (Groundball, 34S)
Frank Sharp to third
Jérôme Masson to second
Batting: RHB Gerald Clark 0-0: Called Strike
0-1: Foul Ball, location: 2F
0-2: Ball
1-2: Foul Ball, location: 2F
1-2: Fly out, F9 (Flyball, 9S)
Bottom of the 7th over - 0 runs, 0 hits, 0 errors, 2 left on base; Oakland 1 - Brooklyn 2
TOP OF THE 8TH
Oakland Oaks batting - Pitching for Brooklyn Dodgers : RHP Pablo De La Torre
Now at C: Olaf Esveld
Now in LF: Avon Barksdale
Batting: RHB Cristián Coronado 0-0: Ground out 4-3 (Groundball, 34)
Batting: RHB Yehonatan Chazan 0-0: Called Strike
0-1: Ball
1-1: Foul Ball, location: 2F
1-2: Ball
2-2: SINGLE (Flyball, 9S)
Batting: RHB Colin O'Connell 0-0: Ground out 5-3 (Groundball, 56)
Yehonatan Chazan to second
Pitching: RHP Luis Bejarano
Batting: RHB Alfonso Nazario 0-0: Foul Ball, location: 2F
0-1: Foul Ball, location: 2F
0-2: Foul Ball, location: 2F
0-2: Ball
1-2: Ball
2-2: Ball
3-2: Base on Balls
Batting: SHB Luis Luquín 0-0: Called Strike
0-1: Ground out U3 (Groundball, 3)
Top of the 8th over - 0 runs, 1 hit, 0 errors, 2 left on base; Oakland 1 - Brooklyn 2
BOTTOM OF THE 8TH
Brooklyn Dodgers batting - Pitching for Oakland Oaks : RHP Mal Houser
Batting: SHB Félix Medina 0-0: Ball
1-0: Called Strike
1-1: Ball
2-1: Foul Ball, location: 2F
2-2: Ball
3-2: Base on Balls
Batting: LHB Hugh Hill 0-0: Ball
1-0: Ball
2-0: Ball
3-0: Base on Balls
Félix Medina to second
Pinch Hitting: SHB Peer van Lochem 0-0: Ball
1-0: SINGLE (Groundball, 3D)
Félix Medina to third
Hugh Hill to second
Batting: RHB Ilkka Haapajarvi 0-0: SINGLE (Line Drive, 89S)
Félix Medina scores
Hugh Hill to third
Peer van Lochem to second
Batting: LHB Frank Sharp 0-0: SINGLE (Line Drive, 6MD)
Hugh Hill scores
Peer van Lochem to third
Ilkka Haapajarvi to second
Batting: RHB Fontana Contaldo 0-0: Swinging Strike
0-1: Ball
Wild Pitch!
Peer van Lochem scores
Ilkka Haapajarvi to third
Frank Sharp to second
1-1: SINGLE (Groundball, 56)
Ilkka Haapajarvi scores
Frank Sharp to third
Pitching: RHP Miguel Cabañas
Batting: LHB Jérôme Masson 0-0: Ball
1-0: Ball
2-0: Called Strike
2-1: SINGLE (Groundball, 3D)
Frank Sharp scores
Fontana Contaldo to second
Runner from 2nd tries for 3rd, SAFE, no throw
Batting: LHB Avon Barksdale 0-0: Ball
1-0: Foul Ball, location: 2F
1-1: Swinging Strike
1-2: Fly out, F4 (Popup, 3DF)
Batting: RHB Olaf Esveld 0-0: Called Strike
0-1: SINGLE (Line Drive, 56D)
Fontana Contaldo scores
Jérôme Masson to second
Batting: SHB Félix Medina 0-0: Ball
1-0: Foul Ball, location: 2F
1-1: Fly out, F8 (Flyball, 8LM)
Batting: LHB Hugh Hill 0-0: Ball
1-0: Ball
2-0: Fielders Choice at 2nd, 6-4 (Groundball, 6)
Bottom of the 8th over - 6 runs, 6 hits, 0 errors, 2 left on base; Oakland 1 - Brooklyn 8
TOP OF THE 9TH
Oakland Oaks batting - Pitching for Brooklyn Dodgers : RHP Luis Bejarano
Now in LF: Peer van Lochem
Batting: RHB Juan Alcocer 0-0: Swinging Strike
0-1: Ball
1-1: Ball
2-1: Swinging Strike
2-2: Ground out 6-3 (Groundball, 6)
Batting: LHB Obidiah Lewis 0-0: Called Strike
0-1: Swinging Strike
0-2: Ball
1-2: Ball
2-2: Fly out, F4 (Popup, 4M)
Batting: RHB Mike Wazowski 0-0: Ball
1-0: Foul Ball, location: 2F
1-1: Ground out 6-3 (Groundball, 6)
Top of the 9th over - 0 runs, 0 hits, 0 errors, 0 left on base; Oakland 1 - Brooklyn 8
Friday, March 29th, 2019 - OOTP Baseball 18.8 Build 76